 Dungeon Crawl Stone Soup version 0.30-a0-879-ga8ba668304 (console) character file.

Game seed: 17733117349071463671

364 Banquo the Magician (level 7, -10/49 HPs)
             Began as a Djinni Air Elementalist on Mar 13, 2023.
             Mangled by an ogre
             ... wielding a +0 giant spiked club
              (19 damage)
             ... on level 4 of the Dungeon.
             The game lasted 00:07:18 (4080 turns).

Banquo the Magician (Djinni Air Elementalist)       Turns: 4080, Time: 00:07:20

Health: -10/49     AC:  8    Str:  7    XL:     7   Next: 0%
Gold:   179        EV: 12    Int: 18    God:
                   SH:  0    Dex: 17

rFire   + + +      SeeInvis .    s - +6 short sword {antimagic, rF+ Dex+3}
rCold   x . .      Faith    .    (no shield)
rNeg    . . .      Spirit   .    a - +0 robe
rPois   ∞          Reflect  .    (no helmet)
rElec   .          Rampage  .    (no cloak)
rCorr   .                        (no gloves)
Will    .....                    (boots unavailable)
Stlth   ++                       (no amulet)
HPRegen 0.28/turn                (no ring)
MPRegen 0.00/turn                (no ring)

@: ice-armoured, flying
A: sickness immunity, fire resistance 2, cold vulnerability 1, float, innate
caster, HP casting, extra vitality 1
a: no special abilities


You were on level 4 of the Dungeon.
You visited 1 branch of the dungeon, and saw 4 of its levels.

You collected 239 gold pieces.
You spent 60 gold pieces at shops.

Inventory:

Hand Weapons
 e - a +0 dagger
 s - the +6 short sword of Omuwoych (weapon) {antimagic, rF+ Dex+3}
   (You found it on level 3 of the Dungeon)

   Dex:       It affects your dexterity (+3).
   rF:        It protects you from fire.
Armour
 a - a +0 robe (worn)
Jewellery
 h - an amulet of faith
Scrolls
 b - 3 scrolls of noise {unknown}
 c - 2 scrolls of identify {unknown}
 f - a scroll of immolation {unknown}
 o - a scroll of teleportation {unknown}
 p - 2 scrolls of enchant weapon {unknown}
 r - 3 scrolls of fear {unknown}
Potions
 d - a potion of brilliance {unknown}
 g - a potion of mutation {unknown}
 i - 2 potions of curing {unknown}
 j - a potion of degeneration {unknown}
 k - 3 potions of ambrosia {unknown}
 l - 2 potions of might {unknown}
 m - a potion of attraction {unknown}
 n - a potion of cancellation {unknown}
 q - a potion of invisibility {unknown}


   Skills:
 * Level 2.7 Fighting
 - Level 2.1 Dodging
 - Level 1.5 Stealth
 + Level 5.1 Spellcasting


You knew the following spells:

 Your Spells              Type           Power      Damage    Failure   Level
a - Shock                 Conj/Air       92%        1d8       1%          1
b - Airstrike             Air            11%        2d(2-18)  16%         4
c - Ozocubu's Armour      Ice            23%        N/A       4%          3
d - Static Discharge      Conj/Air       46%        2-4/arc   2%          2
s - Slow                  Hex            92%        N/A       1%          1
B - Blink                 Tloc           46%        N/A       2%          2
M - Swiftness             Air            23%        N/A       4%          3
Your spell library was empty.

Dungeon Overview and Level Annotations

Branches:
Dungeon (4/15)
 Temple: D:4-7

Altars:

Shops:
D:3 *


Innate Abilities, Weirdness & Mutations

You are immune to sickness and miasma.
You are immune to poison.
Your flesh is very heat resistant. (rF++)
You are vulnerable to cold. (rC-)
You float through the air rather than walking.
You learn spells naturally, not from books.
Your magical power is your life essence.
You have superior vitality. (+4 MHP)


Message History

The zap hits the goblin.
The goblin is moderately wounded.
Casting: Shock (safe; 1% risk of failure)
Confirm with . or Enter, or press ? or * to list all spells.
Aiming: Shock (safe; 1% risk of failure)
Press: ? - help, Shift-Dir - straight line, f - ogre, p - goblin
Aim: an ogre, wielding a +0 giant spiked club (moderately wounded, 88% to hit)
The zap hits the ogre.
The ogre is severely wounded.
The ogre hits you with a +0 giant spiked club!
Casting: Shock (safe; 1% risk of failure)
Confirm with . or Enter, or press ? or * to list all spells.
Aiming: Shock (safe; 1% risk of failure)
Press: ? - help, Shift-Dir - straight line, f - goblin, p - ogre
Aim: a goblin, wielding a +0 club (moderately wounded, 67% to hit)
The zap hits the ogre.
The ogre is severely wounded.
The zap hits the goblin.
You kill the goblin!
The ogre hits you with a +0 giant spiked club!
* * * LOW HITPOINT WARNING * * *
Casting: Shock (safe; 1% risk of failure)
Confirm with . or Enter, or press ? or * to list all spells.
Aiming: Shock (safe; 1% risk of failure)
Press: ? - help, Shift-Dir - straight line, f - ogre
Aim: an ogre, wielding a +0 giant spiked club (severely wounded, 88% to hit)
The zap hits the ogre.
The ogre is severely wounded.
* * * LOW HITPOINT WARNING * * *
Unknown command.
Casting: Shock (safe; 1% risk of failure)
Confirm with . or Enter, or press ? or * to list all spells.
Aiming: Shock (safe; 1% risk of failure)
Press: ? - help, Shift-Dir - straight line, f/p - ogre
Aim: an ogre, wielding a +0 giant spiked club (severely wounded, 88% to hit)
The zap hits the ogre.
The ogre is almost dead.
* * * LOW HITPOINT WARNING * * *
The ogre hits you with a +0 giant spiked club!!
You die...

#.#.†).....'† ...
#.#........'. $†.
###)#........##
#)###...##......##
##'#......##....##
##..#.......######
###...#.†......#
##....O#.......##
#...$.)@......##
##..$..###[..##
###...# #####
##..# ####


You could see an ogre.

Vanquished Creatures
  A hound (D:4)
  A jelly (D:4)
  4 iguanas (D:4)
  7 gnolls
  An adder (D:4)
  2 worms (D:4)
  2 dart slugs (D:4)
  14 orcs
  3 bats (D:2)
  7 endoplasms
  A giant cockroach (D:2)
  5 goblins
  13 hobgoblins
  10 jackals
  5 quokkas
  10 ball pythons
  6 frilled lizards
  3 kobolds
  8 rats
103 creatures vanquished.

Vanquished Creatures (others)
  A fungus (D:1)
  8 plants
9 creatures vanquished.

Grand Total: 112 creatures vanquished

Notes
Turn   | Place    | Note
-------+----------+-------------------------------------------
     0 | D:1      | Banquo the Djinni Air Elementalist began the quest for the
                  | Orb.
     0 | D:1      | Banquo set off with the following spells memorised: Shock,
                  | Static Discharge, Swiftness, Airstrike.
     0 | D:1      | Reached XP level 1. HP: 15/15 MP: 0/0
   247 | D:1      | Reached XP level 2. HP: 22/22 MP: 0/0
   773 | D:1      | Found a faded altar of an unknown god.
   807 | D:2      | Reached skill level 3 in Spellcasting
   871 | D:2      | Reached XP level 3. HP: 25/26 MP: 0/0
   871 | D:2      | Learned a level 1 spell: Slow
   894 | D:2      | Reached skill level 1 in Fighting
  1849 | D:2      | Reached XP level 4. HP: 31/32 MP: 0/0
  1977 | D:3      | Found Bifaawke's Assorted Antiques.
  1981 | D:3      | Bought a pink potion for 18 gold pieces
  1981 | D:3      | Bought a scroll labelled EDOALO SOANLU for 21 gold pieces
  1981 | D:3      | Bought a scroll labelled IJUGIF LELAAZ for 21 gold pieces
  2357 | D:3      | Reached XP level 5. HP: 37/38 MP: 0/0
  2357 | D:3      | Learned a level 2 spell: Blink
  2831 | D:3      | Reached skill level 4 in Spellcasting
  2832 | D:3      | Identified the +6 short sword of Omuwoych {antimagic, rF+
                  | Dex+3}
  3446 | D:4      | Reached XP level 6. HP: 26/43 MP: 0/0
  4066 | D:4      | Reached skill level 5 in Spellcasting
  4070 | D:4      | Noticed an ogre
  4074 | D:4      | Reached XP level 7. HP: 42/49 MP: 0/0
  4074 | D:4      | Learned a level 3 spell: Ozocubu's Armour
  4080 | D:4      | Mangled by an ogre

Illustrated notes

Levels and vault maps discovered:
D:1:      dpeg_arrival_long_road, layout_basic, shapermc_ecumenical_altar_petra
D:2:      layout_basic, dk_vineyard_3
D:3:      corexii_shack_village, layout_loops_ring, serial_shops,
          shop_fountains, hex_medium
D:4:      minmay_polygon_palace, layout_basic, grunt_qazlal_clouds,
          serial_bayou_crossing

Skill      XL: |  1  2  3  4  5  6 |
---------------+-------------------+-----
Spellcasting   | 3 4 5 |  5.1
Fighting       | 1 2 |  2.7
Dodging        | |  2.1
Stealth        | |  1.5

Action                     |  1- 3 |  4- 6 |  7- 9 || total
---------------------------+-------+-------+-------++-------
  Melee: Dagger            |    11 |       |       ||    11
         Punch             |     1 |       |       ||     1
   Cast: Shock             |    91 |   154 |     6 ||   251
         Static Discharge  |       |     3 |       ||     3
         Swiftness         |       |     1 |       ||     1
         Ozocubu's Armour  |       |       |     1 ||     1
 Armour: Robe              |     2 |     7 |       ||     9
  Dodge: Dodged            |     7 |    26 |       ||    33

Table legend: (Time is in decaauts)
 A = Elapsed time spent in this place.
 B = Non-inter-level travel time spent in this place.
 C = Inter-level travel time spent in this place.
 D = Time resting spent in this place.
 E = Time spent auto-exploring this place.
 F = Levels seen in this place.
 G = Mean time per level.
                   A        B        C        D        E       F      G
               +--------+--------+--------+--------+--------+-----+--------+
         Total |   4082 |   3849 |    233 |    196 |   3181 |   4 | 1020.5 |
       Dungeon |   4082 |   3849 |    233 |    196 |   3181 |   4 | 1020.5 |
               +--------+--------+--------+--------+--------+-----+--------+

Top non-repeatable levels by time:
     D:3: 1137 daAuts
     D:2: 1119 daAuts
     D:4: 968 daAuts
     D:1: 857 daAuts
